 Dungeon Crawl Stone Soup version 0.27-a0-1140-g099f9bb0e8 (webtiles) character file.

Game seed: 17747447544505770425

378 pokeman the Magician (level 6, -6/34 HPs)
             Began as a Deep Elf Hedge Wizard on May 8, 2021.
             Was an Initiate of Vehumet.
             Killed by nerve-wracking pain
             ... invoked by Menkaure
              (11 damage)
             ... on level 3 of the Dungeon.
             The game lasted 00:06:30 (3894 turns).

pokeman the Magician (Deep Elf Hedge Wizard)        Turns: 3894, Time: 00:06:30

Health: -6/34      AC:  4    Str:  7    XL:     6   Next: 45%
Magic:  17/27      EV: 12    Int: 21    God:    Vehumet [......]
Gold:   185        SH:  0    Dex: 14    Spells: 8/19 levels left

rFire    + . .     SeeInvis .   j - +1 halberd (venom)
rCold    . . .     Faith    .   (shield currently unavailable)
rNeg     . . .     Spirit   .   m - +0 leather armour
rPois    .         Reflect  .   c - +0 hat
rElec    .         Harm     .   (no cloak)
rCorr    .         Rampage  .   i - +0 pair of gloves
Will     .....                  (no boots)
Stlth    ++........             (no amulet)
HPRegen  0.11/turn              g - ring of magical power
MPRegen  0.20/turn              a - ring of protection from fire

@: no status effects
A: no striking features
a: Renounce Religion


You were on level 3 of the Dungeon.
You worshipped Vehumet.
Vehumet was noncommittal.
You visited 1 branch of the dungeon, and saw 4 of its levels.

You collected 185 gold pieces.

Inventory:

Hand Weapons
 j - a +1 halberd of venom (weapon)
Armour
 c - a +0 hat (worn)
 i - a +0 pair of gloves (worn)
 m - a +0 leather armour (worn)
 o - a +0 kite shield
Jewellery
 a - a ring of protection from fire (right hand)
 g - a ring of magical power (left hand)
Wands
 q - a wand of iceblast (8)
Scrolls
 b - a scroll of acquirement {unknown}
 e - 2 scrolls of teleportation {unknown}
 h - 2 scrolls of vulnerability {unknown}
 k - 2 scrolls of identify {unknown}
 n - a scroll of summoning {unknown}
 p - a scroll of amnesia {unknown}
 s - a scroll of fear {unknown}
 t - a scroll of enchant armour {unknown}
Potions
 d - a potion of curing {unknown}
 f - a potion of heal wounds {unknown}
 l - a potion of lignification {unknown}
 r - a potion of might {unknown}


   Skills:
 - Level 1.0 Fighting
 - Level 1.0 Armour
 - Level 3.0 Dodging
 - Level 3.3 Stealth
 * Level 7.1 Spellcasting
 + Level 3.2 Conjurations
 - Level 1.1 Summonings
 - Level 1.1 Translocations
 - Level 1.5 Fire Magic
 - Level 1.2 Air Magic
 + Level 0.3 Poison Magic
 + Level 0.4 Evocations


You had 8 spell levels left.
You knew the following spells:

 Your Spells              Type           Power      Damage    Failure   Level
a - Magic Dart            Conj           84%        1d7       3%          1
b - Mephitic Cloud        Conj/Pois/Air  14%        N/A       21%         3
c - Call Imp              Summ           12%        N/A       12%         2
d - Blink                 Tloc           N/A        N/A       12%         2
e - Conjure Flame         Conj/Fire      17%        6-21      14%         3

Your spell library contained the following spells:

 Spells                   Type           Power      Damage    Failure   Level
 Slow                     Hex            7%         N/A       19%         2


Dungeon Overview and Level Annotations

Branches:
Dungeon (4/15)
 Temple: D:4-7

Altars:
Ashenzari
Dithmenos
Elyvilon
Fedhas
Qazlal
Vehumet

Annotations:
D:3 Menkaure


Message History

The magic dart hits Menkaure.
Menkaure is moderately damaged.
An orc priest comes into view. It is wielding a +0 whip.
Casting: Magic Dart (safe; 3% risk of failure)
Confirm with . or Enter, or press ? or * to list all spells.
Aiming: Magic Dart (safe; 3% risk of failure)
Press: ? - help, Shift-Dir - straight line, f/p - Menkaure
Aim: Menkaure (moderately damaged, fast, 100% to hit)
You miscast Magic Dart.
You are very lightly contaminated with residual magic.
Nothing appears to happen.
The orc priest shouts!
Menkaure points at you and mumbles some strange words.
Pain shoots through your body! The orc closely misses you.
There is a stone staircase leading up here.
Unknown command.
Unknown command.
You can't go down here!
Unknown command.
Unknown command.
Menkaure hits you!
* * * LOW HITPOINT WARNING * * *
The orc hits you with a +0 dagger.
* * * LOW HITPOINT WARNING * * *
You climb upwards.
There is a stone staircase leading down here.
Unknown command.
Unknown command.
Casting: Magic Dart (safe; 3% risk of failure)
Confirm with . or Enter, or press ? or * to list all spells.
You blink.
Your magical contamination has completely faded away.
Casting: Blink (safe; 12% risk of failure)
Confirm with . or Enter, or press ? or * to list all spells.
The spell is quite dangerous to cast (14% risk of failure)!
Continue anyway?
The fire begins to smoulder!
The fire ignites!
Menkaure points at you and mumbles some strange words.
Pain shoots through your body!
You die...

#>........######......#
#.........#...##......#
#.......[.#.#.##.....>#
#####.#####.#.##......####
##..# #..>##......##_#
#####
#...#####..##.......##.##
....#
#.#.##.............##...##
###.#
##.#....#..####.....#..#..#
###.###.......#.@#
#.....#.###.#
........##.###...#
########.###.#
###...#.#..#...#.#
#.....##.#_... #
###........###.#
#...#.'..#....
######.....###
#§###...####.#_..†
..##.......#####Mo##...#
#.###.#
#......................#
#.###.#
#........######.#.##...#
#..#..# .........#
#.#.##...# ##...##


You could see Menkaure (fast) and an orc.

Vanquished Creatures
  Sigmund (D:3)
  2 orc priests (D:3)
  3 adders
  8 gnolls
  An ufetubus (D:4)
  A worm (D:2)
  3 dart slugs
  7 orcs (D:3)
  4 endoplasms
  2 giant cockroaches
  4 goblins (D:2)
  3 hobgoblins
  2 jackals (D:2)
  3 quokkas
  2 ball pythons
  A bat (D:2)
  4 frilled lizards
  5 kobolds
  2 rats
58 creatures vanquished.

Notes
Turn   | Place    | Note
-------+----------+-------------------------------------------
     0 | D:1      | pokeman the Deep Elf Hedge Wizard began the quest for the
                  | Orb.
     0 | D:1      | Reached XP level 1. HP: 10/10 MP: 7/7
   566 | D:1      | Reached XP level 2. HP: 3/16 MP: 9/9
  1313 | D:2      | Reached skill level 5 in Spellcasting
  1584 | D:2      | Reached XP level 3. HP: 10/20 MP: 9/11
  1588 | D:2      | Learned a level 3 spell: Mephitic Cloud
  1591 | D:2      | Learned a level 2 spell: Call Imp
  1594 | D:2      | Learned a level 2 spell: Blink
  1598 | D:2      | Learned a level 3 spell: Conjure Flame
  1994 | D:2      | Found a blossoming altar of Fedhas.
  2011 | D:2      | Reached skill level 1 in Fighting
  2011 | D:2      | Reached skill level 1 in Armour
  2021 | D:2      | Reached XP level 4. HP: 16/25 MP: 1/13
  2745 | D:3      | Found a faded altar of an unknown god.
  2764 | D:3      | Reached skill level 1 in Fire Magic
  2766 | D:3      | Reached skill level 6 in Spellcasting
  2769 | D:3      | Reached XP level 5. HP: 12/29 MP: 11/15
  3480 | D:3      | Noticed Sigmund
  3488 | D:3      | Killed Sigmund
  3489 | D:3      | Reached skill level 7 in Spellcasting
  3489 | D:3      | Reached skill level 1 in Air Magic
  3489 | D:3      | Reached XP level 6. HP: 34/34 MP: 18/18
  3729 | D:3      | Found a shadowy altar of Dithmenos.
  3729 | D:3      | Found a white marble altar of Elyvilon.
  3737 | D:3      | Found a broken altar of Ashenzari.
  3749 | D:3      | Found a radiant altar of Vehumet.
  3751 | D:3      | Found a stormy altar of Qazlal.
  3755 | D:3      | Became a worshipper of Vehumet
  3867 | D:4      | Noticed Menkaure
  3894 | D:3      | Killed from afar by Menkaure

Illustrated notes

Levels and vault maps discovered:
D:1:      minmay_arrival_jagged, layout_loops_ring, due_unseen_surprise
D:2:      layout_basic, basic_altar, kennysheep_cross_bottleneck,
          minmay_split_cup_small
D:3:      layout_rooms, chequers_temple_overflow_minitemple,
          hellmonk_ecumenical_altar_pennies_from_heaven, kennysheep_potato,
          uniq_sigmund
D:4:      layout_loops_ring, marbit_many_paths, amethyst_overflow_temple_binary,
          tgw_kikubaaqudgha, minmay_bent, uniq_menkaure

Skill      XL: |  1  2  3  4  5 |
---------------+----------------+-----
Spellcasting   | 5 6 7 |  7.1
Fighting       | 1 |  1.0
Armour         | 1 |  1.0
Conjurations   | 2 3 |  3.2
Fire Magic     | 1 |  1.5
Dodging        | 3 |  3.0
Stealth        | 3 |  3.3
Air Magic      | 1 |  1.2
Summonings     | |  1.1
Translocations | |  1.1
Poison Magic   | |  0.3
Evocations     | |  0.4

Action                   |  1- 3 |  4- 6 || total
-------------------------+-------+-------++-------
Melee: Halberd           |     6 |    12 ||    18
 Cast: Magic Dart        |    75 |    73 ||   148
       Mephitic Cloud    |     4 |     8 ||    12
       Conjure Flame     |       |     3 ||     3
       Blink             |       |     1 ||     1
 Stab: Confused          |     1 |       ||     1
Armor: Robe              |       |     1 ||     1
       Leather armour    |       |     1 ||     1
Dodge: Dodged            |    11 |     9 ||    20

Table legend: (Time is in decaauts)
 A = Elapsed time spent in this place.
 B = Non-inter-level travel time spent in this place.
 C = Inter-level travel time spent in this place.
 D = Time resting spent in this place.
 E = Time spent auto-exploring this place.
 F = Levels seen in this place.
 G = Mean time per level.
                   A        B        C        D        E       F      G
               +--------+--------+--------+--------+--------+-----+--------+
         Total |   3904 |   3830 |     74 |    160 |   3228 |   4 |  976.0 |
       Dungeon |   3904 |   3830 |     74 |    160 |   3228 |   4 |  976.0 |
               +--------+--------+--------+--------+--------+-----+--------+

Top non-repeatable levels by time:
     D:2: 1411 daAuts
     D:1: 1243 daAuts
     D:3: 1226 daAuts
     D:4: 23 daAuts
